Map: Paisaje nocturno EE

Players

Yuumi

  • Race: Zerg Zerg
  • Spawn Location: 7:00

Azir

  • Race: Protoss Protoss
  • Spawn Location: 7:00

tigro

  • Race: Terran Terran
  • League: Bronze
  • Spawn Location: 1:00

MrFercho

  • Race: Zerg Zerg
  • League: Silver
  • Spawn Location: 1:00

VOD

Have the link to the VOD?

Description

Time

  • Played on: July 10, 2020, 10 p.m.
  • Length: 10:47
Show
View Real Time Build Order
Export as new Build Order

Yuumi Zerg 

Build Orders: Pool First 

Get SALT Encoding   

  12  0:20  Spawning Pool  
  11  1:12  Hatchery  
  10  1:46  Spine Crawler  
  9  1:48  Spine Crawler  
  9  1:49  Spine Crawler  
  8  2:20  Evolution Chamber  
  8  2:36  Spine Crawler  
  7  2:38  Zergling x4  
  8  2:58  Zergling x4  
  10  3:06  Zergling x4  
  10  3:07  Zergling x2  
  13  3:14  Drone  
  13  3:46  Drone, Spine Crawler  
  13  3:47  Drone x2  
  14  4:16  Spine Crawler  
  13  4:20  Zergling x4  
  15  4:29  Drone  
  15  5:10  Drone x4  
  17  5:47  Spine Crawler  
  17  5:48  Spine Crawler  
  12  6:16  Zergling x10  
  12  6:17  Zergling x2  
  15  7:08  Zergling x2  
  15  7:09  Zergling x10  
  17  7:39  Zergling x4  
  17  7:40  Zergling x2  
  19  8:54  Overlord  
  19  8:55  Overlord x5  
  18  10:15  Drone x5  
  18  10:16  Drone  
Show
View Real Time Build Order
Export as new Build Order

Azir Protoss 

Build Orders: Cannon Rush 

Get SALT Encoding   

  12  0:00  Probe  
  13  0:08  Probe  
  14  0:20  Pylon  
  14  0:21  Probe  
  15  0:38  Probe  
  15  0:42  Forge  
  16  0:51  Probe  
  17  1:24  Pylon  
  17  1:39  Gateway  
  17  1:48  Photon Cannon  
  17  1:49  Photon Cannon  
  17  1:52  Photon Cannon  
  17  1:56  Photon Cannon  
  17  1:58  Pylon  
  17  2:00  Pylon  
  17  2:12  Assimilator  
  17  2:14  Probe  
  18  2:21  Pylon  
  18  2:26  Probe  
  19  2:38  Probe  
  19  2:40  Photon Cannon  
  19  2:41  Photon Cannon  
  20  2:46  Pylon  
  20  3:02  Cybernetics Core  
  20  3:06  Pylon  
  20  3:14  Pylon  
  20  3:20  Photon Cannon  
  20  3:34  Pylon  
  20  3:35  Pylon  
  20  3:57  Pylon  
  20  4:03  Pylon  
  20  4:17  Photon Cannon  
  20  4:23  Photon Cannon  
  20  4:24  Photon Cannon  
  20  4:29  Photon Cannon  
  20  4:31  Pylon  
  20  4:42  Probe  
  20  4:47  Adept  
  22  5:07  Protoss Shields Level 1  
  22  5:12  Warp Gate  
  22  5:15  Gateway  
  22  5:17  Gateway, Adept  
  24  5:37  Shield Battery  
  24  5:39  Photon Cannon  
  24  6:02  Shield Battery  
  24  6:23  Nexus  
  24  6:25  Pylon  
  24  6:28  Pylon  
  24  6:36  Robotics Facility, Probe  
  25  6:48  Probe  
  25  6:50  Photon Cannon  
  26  7:00  Probe  
  27  7:13  Protoss Ground Armor Level 1  
  27  7:22  Adept x3  
  33  7:33  Warp Prism  
  35  7:43  Probe x2  
  37  7:55  Probe x2  
  37  7:57  Photon Cannon  
  39  8:07  Probe  
  40  8:22  Pylon  
  40  8:25  Pylon  
  40  8:30  Photon Cannon  
  40  8:32  Photon Cannon  
  40  8:51  Shield Battery  
  40  9:02  Adept x3  
  46  9:12  Immortal  
  46  9:13  Twilight Council  
  50  9:57  Stalker x2  
  54  10:04  Stalker  
  56  10:24  Probe x2  
  58  10:31  Assimilator  
  60  10:46  Nexus  
Show
View Real Time Build Order
Export as new Build Order

tigro Terran 

Build Orders:  

Get SALT Encoding   

  12  0:02  SCV  
  13  0:14  SCV  
  14  0:24  Supply Depot  
  14  0:26  SCV  
  15  0:34  Refinery  
  15  0:46  SCV  
  16  0:52  Barracks  
  16  0:58  SCV  
  17  1:10  SCV  
  18  1:11  Refinery  
  18  1:22  SCV  
  19  1:26  Supply Depot  
  19  1:34  SCV  
  19  1:39  Marine  
  21  1:46  SCV  
  22  1:57  Marine  
  23  2:15  Marine  
  24  2:17  Factory, SCV  
  25  2:32  Marine  
  25  2:33  SCV  
  27  2:50  Marine  
  28  3:03  Engineering Bay  
  28  3:13  Factory Tech Lab  
  28  3:26  Barracks Reactor  
  23  3:39  Siege Tank  
  23  3:41  Orbital Command  
  4  4:04  Marine x2  
  6  4:11  Siege Tank  
  9  4:22  Marine x2  
  11  4:29  Orbital Command  
  6  4:40  Marine x2  
  6  4:43  Siege Tank  
  9  4:57  Marine  
  9  4:58  Marine  
  7  5:28  SCV  
  2  5:40  SCV  
  3  5:45  Refinery  
  3  5:52  SCV  
  4  6:04  Barracks, SCV  
  5  6:16  SCV  
  6  6:20  Supply Depot  
  6  6:28  SCV  
  7  6:40  SCV  
  7  6:42  Supply Depot  
  7  6:45  Refinery  
  8  6:48  Terran Infantry Weapons Level 1  
  8  7:05  Barracks Tech Lab  
  8  7:12  SCV  
  9  7:24  SCV  
  10  7:36  SCV  
  11  7:53  SCV  
  12  8:02  Combat Shield  
  12  8:05  Marine, SCV  
  14  8:17  SCV  
  15  8:23  Marine  
  16  8:29  SCV  
  17  8:41  SCV  
  18  8:44  Marine  
  19  8:58  Factory  
  19  9:02  Marine  
  20  9:11  Factory  
  17  9:20  Marine  
  15  9:30  Orbital Command  
  1  10:18  Orbital Command  
  1  10:19  Factory Tech Lab  
Show
View Real Time Build Order
Export as new Build Order

MrFercho Zerg 

Build Orders: Hatch First 

Get SALT Encoding   

  12  0:02  Drone  
  13  0:14  Overlord  
  13  0:16  Drone  
  14  0:33  Drone x2  
  16  0:53  Drone  
  16  0:55  Hatchery  
  16  0:56  Drone  
  17  1:00  Drone  
  18  1:10  Drone  
  19  1:15  Extractor  
  18  1:26  Spawning Pool  
  18  1:30  Drone x2  
  19  1:45  Drone  
  20  2:21  Zergling x2  
  20  2:22  Zergling x8  
  25  2:30  Drone  
  26  2:37  Drone  
  22  2:56  Drone x2  
  22  2:57  Drone x2  
  25  3:11  Lair, Spine Crawler  
  25  3:12  Overlord  
  24  3:15  Drone x2  
  24  3:17  Drone  
  25  3:43  Drone x4  
  29  3:50  Spine Crawler  
  29  3:55  Drone x3  
  29  4:06  Drone x2  
  31  4:34  Pneumatized Carapace  
  31  4:38  Drone x5  
  27  4:57  Zergling x6  
  28  5:02  Drone x2  
  30  5:17  Queen  
  30  5:18  Drone  
  30  5:19  Drone  
  34  5:27  Drone x2  
  36  5:42  Spine Crawler  
  35  5:45  Spine Crawler  
  35  5:47  Overlord x4  
  32  6:41  Hatchery  
  31  6:52  Zergling x6  
  31  7:14  Hatchery  
  27  7:19  Extractor  
  21  8:02  Drone  
  21  8:04  Drone  
  23  8:16  Drone  
  24  8:25  Drone  
  24  8:26  Drone  
  26  8:38  Drone x2  
  26  8:39  Spawning Pool  
  27  8:59  Drone x4  
  31  9:08  Drone  
  32  9:13  Drone  
  33  9:22  Drone x2  
  35  9:41  Extractor  
  35  9:43  Drone x2  
  36  9:46  Extractor  
  35  10:11  Drone  
  35  10:12  Drone x2  
  38  10:15  Extractor  
  37  10:22  Drone x3  
Tags
 
Add a new tag
Caveats
  • Supply blocks, unpowered buildings, or Contaminate may cause inaccurate times.
  • Supply counts are checked every 10 seconds.